cohdb
Replays
Latest Replays
All Replays
Popular Replays
Top Player Replays
Match Explorer
How It Works
Community
CoH3 Stats
Reddit
Sign in to upload your games and track your stats! →
Sign in with Steam
Match 41573023
Unlisted
Match 41573023
Overview
Messages
Build Orders
End
Construct Infanterie Kompanie
Selects Italian Coastal Battlegroup
Selects Coastal Reserves
Coastal Reserve
MG 42 Machine Gun Team
Coastal Reserve
GrW 34 Mortar Team
Construct Panzergrenadier Kompanie
Medical Bunker
Selects Artillery Officer
Artillery Officer
MG 42 Bunker
Support Elements
Medical Bunker
MG 42 Bunker
Selects Support Bunkers
StuG III G Assault Gun
Selects Rapid Fortifications
Rapid Fortifications
StuG III G Assault Gun
MG 42 Bunker
Side Skirts
Rapid Fortifications
MG 42 Bunker
Rapid Fortifications
MG 42 Bunker
Pioneer Squad
Rapid Fortifications
Repair Bunker
Selects Obice da 210/22 Artillery Emplacement
Rapid Fortifications
Repair Bunker
MG 42 Bunker
湾仔领导
Ares
Valdai
Sailor
Asa
imc下等步枪兵fish
QGD
IronPixie
0
0
Comments
sign in to comment!
No comments posted yet!